 Dungeon Crawl Stone Soup version 0.25-a0-86-ga6f17ae (webtiles) character file.

Game seed: 10981222447077232088, levelgen mode: deterministic

25 zarzak the Shooter (level 2, 0/34 HPs)
             Began as a Demigod Wanderer on Nov 10, 2019.
             Succumbed to an adder's poison
             ... on level 1 of the Dungeon.
             The game lasted 00:01:02 (1013 turns).

zarzak the Shooter (Demigod Wanderer)               Turns: 1013, Time: 00:01:03

Health: 0/34       AC: 21    Str: 14    XL:     2   Next: 63%
Magic:  5/5        EV:  2    Int: 16    God:
Gold:   39         SH:  0    Dex: 16    Spells: 1/1 levels left

rFire    . . .     SeeInvis .   a - +0 falchion
rCold    . . .     Gourm    .   (no shield)
rNeg     + + +     Faith    .   (armour currently unavailable)
rPois    +         Spirit   .   (helmet currently unavailable)
rElec    .         Reflect  .   (cloak currently unavailable)
rCorr    .         Harm     .   (gloves currently unavailable)
MR       .....     NoTele   +   (boots currently unavailable)
Stlth    ++........             (no amulet)
HPRegen  0.11/turn              (no ring)
MPRegen  0.09/turn              (no ring)

@: lethally poisoned (0 -> -5), tree-form
A: high mp 1
a: no special abilities


You were on level 1 of the Dungeon.
You were not hungry.
You were a tree.
You visited 1 branch of the dungeon, and saw 2 of its levels.

You collected 39 gold pieces.

Inventory:

Hand Weapons
 a - a +0 falchion (weapon)
 c - a +0 shortbow
Missiles
 d - 44 arrows
Armour
 b - a +2 scale mail (melded)
 k - a +0 helmet (melded)
Scrolls
 e - 2 scrolls of fog {unknown}
 g - a scroll of teleportation {unknown}
 h - 2 scrolls of amnesia {unknown}
 j - 2 scrolls of identify {unknown}
Potions
 i - a potion of lignification
Comestibles
 f - a ration


   Skills:
 + Level 1.2 Fighting
 * Level 1.0 Long Blades
   Level 1.0 Polearms
 + Level 3.1 Bows
 + Level 1.0 Throwing
 + Level 2.0 Armour
 + Level 1.1 Stealth
   Level 1.0 Evocations


You had one spell level left.
You didn't know any spells.
Your spell library was empty.

Dungeon Overview and Level Annotations

Branches:
Dungeon (2/15)


Innate Abilities, Weirdness & Mutations

You have an increased reservoir of magic. (+10% MP)


Message History

You feel sick.
The frilled lizard bites you but does no damage. x2
You miss the frilled lizard.
* * * LOW HITPOINT WARNING * * *
You feel sick.
The frilled lizard bites you but does no damage.
You closely miss the frilled lizard.
* * * LOW HITPOINT WARNING * * *
You feel sick.
The frilled lizard bites you but does no damage.
You hit the frilled lizard but do no damage.
The frilled lizard bites you but does no damage.
The frilled lizard barely misses you.
You slash the frilled lizard!
You kill the frilled lizard!
* * * LOW HITPOINT WARNING * * *
You feel sick.
Okay, then.
Okay, then.
You die...

#......... #.........
#.........
######.........
#..............
#.####......... #.#
#.......[.
#########.####.........
#.....♣†>).........###.
#.#######..........# #.
#.# #...........# #.
#.# #...........###.
#.# #...........#...
#.# ##..........#.#.
#.# #.............. #.#
#.............. #.#
#..(...........


There were no monsters in sight!

Vanquished Creatures
  An adder (D:1)
  A leopard gecko (D:1)
  A bat (D:1)
  A giant cockroach (D:1)
  2 goblins (D:1)
  3 hobgoblins (D:1)
  A kobold (D:1)
  3 frilled lizards (D:1)
13 creatures vanquished.

Notes
Turn   | Place    | Note
-------+----------+-------------------------------------------
     0 | D:1      | zarzak the Demigod Wanderer began the quest for the Orb.
     0 | D:1      | zarzak set off with the following items: a +0 falchion, a
                  | +2 scale mail, a +0 shortbow, 21 arrows, a ration
     0 | D:1      | Reached XP level 1. HP: 16/16 MP: 3/3
   584 | D:1      | Reached XP level 2. HP: 19/23 MP: 5/5
   603 | D:1      | Reached skill level 3 in Bows
  1005 | D:1      | Reached skill level 1 in Long Blades
  1012 | D:1      | HP: 1/34 [poisoned by an adder]
  1013 | D:1      | Succumbed to an adder's poison

Levels and vault maps discovered:
D:1:      arrival_zaba_pyramid, layout_basic
D:2:      layout_rooms, marbit_many_paths

Skill      XL: |  1  2 |
---------------+-------+-----
Bows           | 3 |  3.1
Long Blades    | 1 |  1.0
Armour         | 2 |  2.0
Fighting       | |  1.2
Polearms       | |  1.0
Throwing       | |  1.0
Stealth        | |  1.1
Evocations     | |  1.0

Action                   || total
-------------------------++-------
Melee: Falchion          ||    44
  Use: Potion            ||     1
Armor: Scale mail        ||    24
       Skin              ||     6
Dodge: Dodged            ||    26
       Rpst.: Falchion   ||     9

Table legend:
 A = Non-vault XP
 B = Vault XP
 C = Vault XP percentage of total XP
 D = Non-vault monster count
 E = Vault monster count
 F = Vault count percentage of total count
                 A         B        C        D         E       F
            +---------+---------+-------+---------+---------+-------
      Total |      36 |       0 |   0.0 |      13 |       0 |   0.0
            +---------+---------+-------+---------+---------+-------
        D:1 |      36 |       0 |   0.0 |      13 |       0 |   0.0
            +---------+---------+-------+---------+---------+-------
